 Dungeon Crawl Stone Soup version 0.30-a0-634-g8abc85282e (webtiles) character file.

Game seed: 8587061784986983361

388683 timneilson the Fencer (level 22, -12/159 (172) HPs)
             Began as a Demonspawn Gladiator on Jan 15, 2023.
             Was the Champion of Qazlal.
             Mangled by a saltling (13 damage)
             ... in the Desolation of Salt.
             The game lasted 02:17:31 (33416 turns).

timneilson the Fencer (Demonspawn Gladiator)       Turns: 33416, Time: 02:17:31

HP:   -12/159 (172) AC: 36    Str: 26    XL:     22   Next: 5%
MP:   0/31          EV: 10    Int: 15    God:    Qazlal [******]
Gold: 3216          SH: 35    Dex: 18    Spells: 21/21 levels left

rFire   + . .      SeeInvis +    m - +8 demon blade "Leech" {evervamp, Harm Drain rN+}
rCold   + + .      Faith    .    U - +0 tower shield
rNeg    + . .      Spirit   +    h - +4 gold dragon scales
rPois   +          Reflect  .    (helmet unavailable)
rElec   .          Harm     +    E - +2 cloak {Stlth+}
rCorr   +          Rampage  .    (gloves unavailable)
Will    +....                    (boots unavailable) Stlth
                                 H - amulet of regeneration
HPRegen 1.26/turn                G - ring of Irrepressible Laughter {rC+ rCorr Str+3 Int+4 Dex+2}
MPRegen 0.44/turn                l - +4 ring of slaying

@: protected from physical damage, studying 2 skills, drained, repel missiles
A: antennae 3, hooves 3, icemail 1, magic shield, magic regeneration, magic
link, condensation shield, corrupting presence 1, demonic touch 3, large bone
plates 1, low MP 1
}: 2/15 runes: barnacled, gossamer
a: Renounce Religion, Upheaval, Elemental Force, Disaster Area


You were in the Desolation of Salt.
You worshipped Qazlal.
Qazlal was exalted by your worship.
You visited 7 branches of the dungeon, and saw 37 of its levels.
You also visited: Bailey, Gauntlet, Ice Cave, Wizlab and Desolation.

You collected 6485 gold pieces.
You spent 3269 gold pieces at shops.

Inventory:

Hand Weapons
 m - the +8 demon blade "Leech" (weapon) {evervamp, Harm Drain rN+}
   (You found it on level 7 of the Dungeon)

   rN:        It protects you from negative energy.
   Drain:     It drains your maximum health when unequipped.
   Harm:      It increases damage dealt and taken.
Missiles
 d - 13 throwing nets (quivered)
 e - 26 javelins
 s - 12 silver javelins
Armour
 h - +4 gold dragon scales (worn)
 E - a +2 cloak of stealth (worn)
 O - the +2 hat of Geymutt {Fly Will++ Dex-4 Slay+2}
   (You found it in a Gauntlet)

   Dex:       It affects your dexterity (-4).
   Slay:      It affects your accuracy & damage with ranged weapons and melee
   (+2).
   Fly:       It grants you flight.
   Will:      It greatly increases your willpower.
 U - a +0 tower shield (worn)
Jewellery
 f - an amulet of reflection
 l - a +4 ring of slaying (right hand)
 F - the ring of Mazacaf {rPois rC+ rN+ AC+4}
   (You found it in a wizard's laboratory)

   [ring of protection]

   AC:        It affects your AC (+4).
   rC:        It protects you from cold.
   rPois:     It protects you from poison.
   rN:        It protects you from negative energy.
 G - the ring of Irrepressible Laughter (left hand) {rC+ rCorr Str+3 Int+4 Dex+2}
   (You found it on level 1 of the Lair of Beasts)

   [ring of protection from cold]

   Str:       It affects your strength (+3).
   Int:       It affects your intelligence (+4).
   Dex:       It affects your dexterity (+2).
   rC:        It protects you from cold.
   rCorr:     It protects you from acid and corrosion.
 H - an amulet of regeneration (around neck)
 M - a ring of flight
 N - a ring of positive energy
 P - a ring of magical power
 X - a ring of willpower
 Z - a ring of protection from fire
Wands
 q - a wand of iceblast (25)
 r - a wand of digging (5)
 v - a wand of charming (19)
 C - a wand of mindburst (9)
 Q - a wand of polymorph (13)
 T - a wand of quicksilver (8)
 V - a wand of flame (10)
Scrolls
 c - 3 scrolls of poison
 g - 3 scrolls of magic mapping
 j - 2 scrolls of butterflies
 k - 3 scrolls of fog
 u - 17 scrolls of teleportation
 x - 5 scrolls of amnesia
 A - 5 scrolls of enchant weapon
 B - 2 scrolls of blinking
 R - 6 scrolls of fear
 S - 22 scrolls of identify
Potions
 b - 9 potions of mutation
 i - 3 potions of heal wounds
 n - 2 potions of brilliance
 o - 7 potions of might
 p - 10 potions of flight
 t - 3 potions of invisibility
 w - 5 potions of ambrosia
 z - 14 potions of curing
 J - 7 potions of berserk rage
 K - 5 potions of attraction
 L - 2 potions of haste
 W - 2 potions of resistance
Miscellaneous
 a - a lightning rod (4/4)
 y - a tin of tremorstones (2/2)
 I - a condenser vane
 Y - a phantom mirror


   Skills:
 + Level 14.1 Fighting
 * Level 18.0 Long Blades
 - Level 1.7 Throwing
 * Level 17.9 Armour
 + Level 13.1 Dodging
 * Level 14.3 Shields
 + Level 17.6 Invocations
 + Level 16.6 Evocations


You had 21 spell levels left.
You didn't know any spells.
Your spell library contained the following spells:

 Spells                   Type           Power      Damage    Failure   Level
 Foxfire                  Conj/Fire      0%         2x1d4     100%        1
 Freeze                   Ice            0%         1d3       100%        1
 Magic Dart               Conj           0%         1d3       100%        1
 Necrotise                Necr           0%         1d4       100%        1
 Sandblast                Erth           0%         2d4       100%        1
 Shock                    Conj/Air       0%         1d3       100%        1
 Sting                    Tmut/Pois      0%         1d3       100%        1
 Cigotuvi's Dreadful Rot  Necr/Pois/Air  0%         N/A       100%        2
 Passwall                 Tmut/Erth      0%         N/A       100%        2
 Poisonous Vapours        Pois/Air       0%         N/A       100%        2
 Scorch                   Fire           0%         2d5       100%        2
 Searing Ray              Conj           0%         2d4       100%        2
 Call Canine Familiar     Summ           0%         N/A       100%        3
 Frozen Ramparts          Ice            0%         1d1       100%        3
 Hailstorm                Conj/Ice       0%         3d3       100%        3
 Ignite Poison            Fire/Tmut/Pois 0%         N/A       100%        3
 Inner Flame              Hex/Fire       0%         N/A       100%        3
 Mephitic Cloud           Conj/Pois/Air  0%         N/A       100%        3
 Portal Projectile        Hex/Tloc       0%         N/A       100%        3
 Stone Arrow              Conj/Erth      0%         3d7       100%        3
 Summon Guardian Golem    Hex/Summ       0%         N/A       100%        3
 Tukima's Dance           Hex            0%         N/A       100%        3
 Vampiric Draining        Necr           0%         2d6       100%        3
 Animate Armour           Summ/Erth      0%         N/A       100%        4
 Animate Dead             Necr           0%         N/A       100%        4
 Cause Fear               Hex            0%         N/A       100%        4
 Flame Wave               Conj/Fire      0%         2d4       100%        4
 Fulminant Prism          Conj/Hex       0%         3d5       100%        4
 Ice Form                 Ice/Tmut       0%         N/A       100%        4
 Leda's Liquefaction      Hex/Erth       0%         N/A       100%        4
 Manifold Assault         Tloc           0%         N/A       100%        4
 Olgreb's Toxic Radiance  Pois           0%         N/A       100%        4
 Passage of Golubria      Tloc           0%         N/A       100%        4
 Petrify                  Tmut/Erth      0%         N/A       100%        4
 Sticky Flame             Conj/Fire      0%         2d3       100%        4
 Summon Ice Beast         Ice/Summ       0%         N/A       100%        4
 Agony                    Necr           0%         N/A       100%        5
 Blade Hands              Tmut           0%         N/A       100%        5
 Borgnjor's Vile Clutch   Necr/Erth      0%         N/A       100%        5
 Fireball                 Conj/Fire      0%         3d3       100%        5
 Freezing Cloud           Conj/Ice/Air   0%         6-21      100%        5
 Lee's Rapid Deconstruct  Erth           0%         3d4*      100%        5
 Metabolic Englaciation   Hex/Ice        0%         N/A       100%        5
 Yara's Violent Unravell  Hex/Tmut       0%         3d3       100%        5
 Dispersal                Tloc           0%         N/A       100%        6
 Iron Shot                Conj/Erth      0%         9d1       100%        6
 Simulacrum               Ice/Necr       0%         N/A       100%        6
 Starburst                Conj/Fire      0%         6d3       100%        6
 Statue Form              Tmut/Erth      0%         N/A       100%        6
 Summon Cactus Giant      Summ           0%         N/A       100%        6
 Haunt                    Necr/Summ      0%         N/A       100%        7
 Discord                  Hex            0%         N/A       100%        8
 Disjunction              Tloc           0%         N/A       100%        8
 Ignition                 Fire           0%         3d3       100%        8
 Infestation              Necr           0%         N/A       100%        8
 Fire Storm               Conj/Fire      0%         5d1       100%        9
 Polar Vortex             Ice            0%         N/A       100%        9


Dungeon Overview and Level Annotations

Branches:
Dungeon (15/15)            Temple (0/1) D:5            Lair (5/5) D:8
 Shoals (4/4) Lair:3       Spider (4/4) Lair:2        Slime (0/5) Lair:5
    Orc (2/2) D:9             Elf (0/3) Orc:2        Vaults (3/5) D:13
  Crypt (0/3) Vaults:2     Depths (4/4) D:15            Zot (0/5) Depths:4
 Bailey (visited)           IceCv (visited)          WizLab (visited)
Desolation (1/1)          Gauntlet (visited)

Altars:
Ashenzari
Cheibriados
Dithmenos
Fedhas
Gozag
Kikubaaqudgha
Makhleb
Okawaru
Qazlal
Ru
Trog
Uskayaw
Vehumet
Wu Jian
Xom
Yredelemnul
Jiyva

Shops:
D:1 (   D:12 (?   Orc:1 !   Orc:2 *=[*[   Shoals:2 :

Portals:
Hell: Depths:1 Depths:2 Depths:3 Depths:4
Abyss: Depths:1 Depths:3 Depths:4
Pandemonium: Depths:2
Ziggurat: Depths:4

Annotations:
Shoals:2 2 transporters, Cihivoiw's ghost, adept TeCj


Innate Abilities, Weirdness & Mutations

You have a pair of large antennae on your head. (SInv)
You have hooves in place of feet.
A meltable icy envelope protects you from harm. (AC +4)
When hurt, damage is shared between your health and your magic reserves.
You regenerate magic rapidly.
When low on magic, you restore magic in place of health.
A meltable shield of frost defends you. (SH +4)
Your presence sometimes corrodes those you injure.
Your touch may irresistibly damage your foes and sap their willpower.
You are partially covered in large bone plates. (SH +4)
Your magical capacity is low. (-10% MP)


Message History

The halazid warlock is heavily damaged.
You block the saltling's attack. x2
The halazid warlock touches you but does no damage.
You block the halazid warlock's attack.
The ragged hierophant points at you and mumbles some strange words.
A blast of power from the earth and the saltlings strikes you!
* * * LOW HITPOINT WARNING * * *
You block the saltling's attack. x2
The saltling hits you but does no damage.
You slash the halazid warlock! Your kick misses the halazid warlock.
The halazid warlock is severely damaged.
You block the saltling's attack. x2
The halazid warlock completely misses you.
You block the saltling's attack. You block the halazid warlock's attack.
The saltling hits you!!
* * * LOW HITPOINT WARNING * * *
The servant of whispers hits you but does no damage.
The saltling barely misses you.
The ironbound convoker gestures at the saltling while chanting.
The saltling seems to grow stronger.
The saltling hits you.
* * * LOW HITPOINT WARNING * * *
You feel more protected from physical attacks.
You slash the halazid warlock! Your kick misses the halazid warlock.
The halazid warlock is almost destroyed.
You block the saltling's attack. x3
The servant of whispers closely misses you.
The halazid warlock touches you but does no damage.
The halazid warlock completely misses you.
The saltling hits you!
* * * LOW HITPOINT WARNING * * *
You feel more protected from physical attacks.
You slash the servant of whispers!
You feel better.
Your kick misses the servant of whispers.
The servant of whispers is lightly wounded.
You block the saltling's attack. x2
A saltling comes into view.
You block the saltling's attack. The saltling hits you!
* * * LOW HITPOINT WARNING * * *
The saltling hits you!
You die...

...............#
...............#
...............#
...............#
...............#
.......9p......#
......a999.....#
.9...a9L@a.....#
......9L99.....#
......999......#
.......∩.∩.....#
...............#
...............#
...............#
...............#
....... ..


You could see a ragged hierophant, 2 servants of whispers, 2 halazid warlocks,
an ironbound convoker (summoned) and 12 saltlings.

Vanquished Creatures
  A juggernaut (Depths:3)
  Saint Roka (Orc:1)
  Bai Suzhen (Spider:3)
  5 golden dragons
  Nikola (Spider:4)
  A bone dragon (Depths:4)
  A profane servitor (Depths:1)
  the Enchantress (Depths:2)
  A walking earthen tome (Depths:3)
  A moon troll (WizLab)
  A tentacled monstrosity (Depths:3)
  Jorgrun (Orc:2)
  A titan (Depths:3)
  Asterion (Spider:1)
  Polyphemus (Shoals:2)
  6 liches
  4 tentacled starspawn (WizLab)
  A sphinx (Shoals:4)
  3 tengu reavers
  A shadow dragon (Depths:4)
  Roxanne (Spider:4)
  7 fire giants
  3 vault wardens
  5 frost giants
  A draconian scorcher (Depths:4)
  4 emperor scorpions
  Aizul (Shoals:3)
  An iron dragon (Depths:3)
  2 cacodemons (WizLab)
  4 ironbound preservers
  A draconian stormcaller (Depths:4)
  27 very ugly things
  A reaper (Depths:4)
  4 spriggan defenders
  A draconian annihilator (Depths:4)
  12 stone giants
  An orc warlord (Vaults:2)
  2 war gargoyles
  A vampire knight (Depths:2)
  4 ironbound thunderhulks
  A green draconian (Depths:4)
  A black draconian (Depths:4)
  3 red draconians (Depths:4)
  10 dire elephants
  4 minotaurs
  9 spark wasps
  2 white draconians
  2 pearl dragon zombies (Depths:1)
  Snorg (D:13)
  The ghost of Mitcholas the Markself, a journeyman DEHu of Okawaru (Lair:5)
  A crystal guardian (WizLab)
  4 ettins
  2 merfolk javelineers
  6 merfolk impalers
  3 jiangshi (D:15)
  5 yaktaur captains
  4 entropy weavers
  6 fire dragons
  6 great orbs of eyes
  A deep elf high priest (Vaults:2)
  3 rakshasas
  2 ragged hierophants (Desolation)
  Harold (Orc:2)
  5 vault guards
  The ghost of pokeman the Eclecticist, a journeyman DEHW of Vehumet (D:13)
  Fannar (Lair:1)
  10 ice dragons
  2 ogre magi (Orc:2)
  A quicksilver dragon skeleton (Depths:1)
  2 hell beasts (Depths:4)
  2 spriggan air magi (Depths:2)
  A peacekeeper (Vaults:2)
  7 ironbound frosthearts
  3 merfolk avatars
  2 radroaches
  8 hydras
  3 alligator snapping turtles
  11 boulder beetles
  A catoblepas (Shoals:2)
  8 centaur warriors
  16 two-headed ogres
  2 merfolk aquamancers
  2 alligators (Lair:4)
  11 satyrs
  A vampire mage (Depths:1)
  10 deep troll earth magi
  4 death knights
  19 death yaks
  8 deep troll shamans
  An orc high priest (Orc:1)
  A shock serpent (shapeshifter) (Depths:3)
  4 spriggan berserkers
  8 tengu warriors
  3 hell hogs (Depths:1)
  Sonja (D:11)
  5 hell knights
  2 wretched stars (WizLab)
  Amaemon (Lair:1)
  4 spriggans
  2 sun moths (Spider:3)
  12 iron trolls
  2 pharaoh ants (Spider:3)
  4 skeletal warriors (D:13)
  A quicksilver dragon simulacrum (Depths:4)
  5 glowing orange brains
  A flayed ghost (D:10)
  6 orb spiders
  8 sea snakes
  4 bog bodies (Shoals:3)
  41 deep trolls
  9 steelbarb worms
  2 starcursed masses (WizLab)
  2 orange crystal statues
  9 lindwurms
  A lindwurm (shapeshifter) (D:15)
  28 harpies
  8 ironbound convokers
  5 wizards
  8 orc knights
  2 necromancers (Depths:1)
  2 deep elf pyromancers
  17 wolf spiders
  30 ugly things
  3 orc sorcerers
  8 cyclopes
  5 elephants (Lair:4)
  6 merfolk sirens
  30 manticores
  2 ice statues (IceCv)
  19 fauns
  3 moths of wrath
  Maurice (D:9)
  4 apis skeletons (Depths:1)
  A water nymph (Shoals:4)
  7 torpor snails
  12 black mambas
  7 eyes of devastation (WizLab)
  2 gargoyles
  17 cane toads
  8 demonic crawlers
  A fire giant skeleton (Depths:1)
  6 vault sentinels
  11 yaktaurs
  An orange demon (Lair:1)
  A kobold demonologist (D:11)
  7 rime drakes
  2 unseen horrors
  A rime drake (shapeshifter) (D:14)
  Maggie (D:6)
  2 ice devils (D:11)
  A minotaur zombie (Gauntlet)
  14 komodo dragons
  5 tengu conjurers
  9 trolls
  33 merfolk
  11 meliai
  4 polar bears
  9 wind drakes
  A hornet (Depths:2)
  12 tarantellas
  14 blink frogs
  3 tyrant leeches (Lair:5)
  14 dream sheep
  9 snapping turtles
  6 saltlings (Desolation)
  A snapping turtle (shapeshifter) (Depths:4)
  15 slime creatures
  15 jumping spiders
  An ettin skeleton (Depths:1)
  17 culicivoras
  5 shadows
  A ynoxinul (Gauntlet)
  A vampire (D:13)
  11 water elementals
  9 wraiths
  11 fire bats (D:10)
  Eustachio (D:5)
  9 wyverns
  72 yaks
  10 golden eyes (WizLab)
  A chaos spawn (Gauntlet)
  4 basilisks
  A hog (shapeshifter) (D:13)
  3 neqoxecs
  A steam dragon (D:7)
  5 vampire mosquitoes
  34 redbacks
  6 wargs
  Edmund (D:5)
  2 acid dragons
  15 water moccasins
  19 orc warriors
  2 black bears
  5 sky beasts
  2 ice beasts
  An ettin simulacrum (Depths:1)
  21 ogres
  A boggart (Vaults:2)
  4 wolves
  14 centaurs
  4 kobold brigands
  A gnoll sergeant (D:10)
  A necrophage (D:8)
  16 bullfrogs
  A scorpion (Lair:4)
  5 wights
  23 killer bees
  3 lindwurm simulacra (IceCv)
  3 electric eels
  A howler monkey (D:4)
  3 lava snakes (D:12)
  7 orc priests
  10 jellies
  4 komodo dragon simulacra (IceCv)
  3 hounds
  A gnoll bouda (D:6)
  3 iron imps (Gauntlet)
  3 iguanas
  12 orc wizards
  2 hell rats (Lair:4)
  A mummy (D:12)
  4 gnolls (D:6)
  6 adders
  7 acid dragon simulacra (IceCv)
  2 white imps (D:7)
  2 ufetubi
  7 steam dragon simulacra (IceCv)
  2 worms
  A dart slug (D:5)
  65 orcs
  8 endoplasms
  A giant cockroach (D:3)
  4 goblins
  5 hobgoblins
  4 jackals
  18 kobolds
  6 quokkas
  4 ball pythons
  71 bats
  3 frilled lizards
  9 rats
  2 pillars of salt (Vaults:3)
  2 starspawn tentacles (WizLab)
1549 creatures vanquished.

Vanquished Creatures (others)
  A saltling (Desolation)
  A blink frog (Lair:5)
  A culicivora (Spider:1)
  An orc (D:7)
  7 demonic plants
  13 fungi
  62 plants
  6 starspawn tentacles (WizLab)
92 creatures vanquished.

Grand Total: 1641 creatures vanquished

Notes
Turn   | Place    | Note
-------+----------+-------------------------------------------
     0 | D:1      | timneilson the Demonspawn Gladiator began the quest for the
                  | Orb.
     0 | D:1      | Reached XP level 1. HP: 16/16 MP: 1/1
    58 | D:1      | Gained mutation: You regenerate magic rapidly. [demonic
                  | ancestry]
    58 | D:1      | Reached XP level 2. HP: 22/22 MP: 2/2
   132 | D:1      | Found Vimagrea's Weapon Emporium.
   262 | D:1      | Reached skill level 3 in Long Blades
   587 | D:1      | Reached skill level 1 in Armour
   875 | D:2      | Gained mutation: A meltable shield of frost defends you.
                  | (SH +4) [demonic ancestry]
   875 | D:2      | Reached XP level 3. HP: 19/27 MP: 3/3
  1884 | D:3      | Noticed an eye of devastation
  1888 | D:3      | Found a faded altar of an unknown god.
  1895 | D:3      | Noticed an eye of devastation
  1895 | D:3      | Noticed a floating eye
  1895 | D:3      | Noticed a great orb of eyes
  1934 | D:3      | Found an opulent altar of Gozag.
  1934 | D:3      | Found a stormy altar of Qazlal.
  1940 | D:3      | Found an ornate altar of the Wu Jian Council.
  1942 | D:3      | Became a worshipper of Qazlal Stormbringer
  1946 | D:3      | Found a shadowy altar of Dithmenos.
  1948 | D:3      | Found a sacrificial altar of Ru.
  2002 | D:3      | Gained mutation: When hurt, damage is shared between your
                  | health and your magic reserves. [demonic ancestry]
  2002 | D:3      | Reached XP level 4. HP: 34/34 MP: 4/4
  2308 | D:4      | Reached skill level 1 in Invocations
  2484 | D:4      | Discovered your monstrous ancestry.
  2484 | D:4      | Gained mutation: Your touch may inflict minor irresistible
                  | damage on your foes. [demonic ancestry]
  2484 | D:4      | Reached XP level 5. HP: 22/39 MP: 3/5
  2506 | D:4      | Reached skill level 4 in Long Blades
  2521 | D:4      | Noticed an ogre
  2539 | D:4      | Killed an ogre
  2540 | D:4      | Reached XP level 6. HP: 36/47 MP: 5/7
  2546 | D:4      | Reached * piety under Qazlal
  2557 | D:4      | Identified the +9 whip "Tuases" {chaos, Dex+3}
  2706 | D:4      | Noticed a sky beast
  2729 | D:4      | Killed a sky beast
  3131 | D:5      | Entered Level 5 of the Dungeon
  3203 | D:5      | Noticed Edmund
  3205 | D:5      | Found a staircase to the Ecumenical Temple.
  3211 | D:5      | Killed Edmund
  3212 | D:5      | Gained mutation: You have large cloven feet. [demonic
                  | ancestry]
  3212 | D:5      | Reached XP level 7. HP: 49/52 MP: 7/9
  3395 | D:5      | Noticed Eustachio
  3404 | D:5      | Reached skill level 1 in Evocations
  3421 | D:5      | Killed Eustachio
  3422 | D:5      | Reached skill level 5 in Long Blades
  3508 | D:5      | Identified the +1 leather armour of Dyspraxia {rPois Int+7}
  3739 | D:6      | Noticed Maggie
  3755 | D:6      | Reached XP level 8. HP: 27/60 MP: 6/10
  3760 | D:6      | Killed Maggie
  3937 | D:6      | Reached ** piety under Qazlal
  3946 | D:6      | Reached skill level 5 in Armour
  4256 | D:6      | Found an iron altar of Okawaru.
  4284 | D:6      | Found a hide-covered altar of Uskayaw.
  4507 | D:7      | Reached skill level 6 in Long Blades
  4524 | D:7      | Reached skill level 5 in Invocations
  4590 | D:7      | Reached XP level 9. HP: 37/66 MP: 12/12
  4918 | D:7      | Found the +8 demon blade "Leech" {evervamp, Harm Drain rN+}
  5140 | D:7      | Found a burning altar of Makhleb.
  5336 | D:7      | Reached skill level 5 in Dodging
  5361 | D:7      | Identified the +8 dagger of Maporgh {chaos, rN+ Int-5 SInv}
  5518 | D:8      | Reached skill level 5 in Fighting
  6047 | D:8      | Reached skill level 7 in Long Blades
  6205 | D:8      | Found a staircase to the Lair.
  6432 | D:8      | Noticed a two-headed ogre
  6437 | D:8      | Killed a two-headed ogre
  6438 | D:8      | Gained mutation: Your touch may inflict irresistible damage
                  | on your foes. [demonic ancestry]
  6438 | D:8      | Reached XP level 10. HP: 61/74 MP: 10/14
  6720 | D:9      | Reached *** piety under Qazlal
  6768 | D:9      | Found a staircase to the Orcish Mines.
  6937 | D:9      | Reached skill level 8 in Long Blades
  6986 | D:9      | Reached skill level 5 in Evocations
  7012 | D:9      | Noticed a two-headed ogre
  7020 | D:9      | Killed a two-headed ogre
  7052 | D:9      | Noticed Maurice
  7067 | D:9      | Killed Maurice
  7068 | D:9      | Gained mutation: You have a pair of small antennae on your
                  | head. [demonic ancestry]
  7068 | D:9      | Reached XP level 11. HP: 82/82 MP: 13/16
  7222 | D:10     | Entered Level 10 of the Dungeon
  7222 | D:10     | Found a shimmering altar of Xom.
  7270 | D:10     | Found a flagged portal.
  7316 | Bailey   | Entered a bailey
  7359 | Bailey   | Reached **** piety under Qazlal
  7364 | Bailey   | Noticed an orc knight
  7374 | Bailey   | Killed an orc knight
  7389 | Bailey   | Found a large runed translucent door.
  7389 | Bailey   | Found a large runed translucent door.
  7390 | Bailey   | Noticed a deep elf pyromancer
  7404 | Bailey   | Killed a deep elf pyromancer
  7417 | Bailey   | Identified the +3 executioner's axe "timneilson's Regret"
                  | {freeze, rC+ Will+ Dex-3}
  7424 | Bailey   | Identified the +6 morningstar of Ohedogh {pain, rN+ Int+4
                  | SInv}
  7532 | D:10     | Noticed a two-headed ogre
  7539 | D:10     | Killed a two-headed ogre
  7719 | D:10     | Noticed a two-headed ogre
  7724 | D:10     | Killed a two-headed ogre
  7725 | D:10     | Reached skill level 9 in Long Blades
  7759 | D:10     | Noticed a two-headed ogre
  7763 | D:10     | Killed a two-headed ogre
  7938 | D:10     | Found a blossoming altar of Fedhas.
  7953 | D:10     | Found a runed translucent door.
  7960 | D:10     | Found a burning altar of Makhleb.
  7979 | D:10     | Found a basalt altar of Yredelemnul.
  8054 | D:10     | Reached ***** piety under Qazlal
  8108 | D:10     | Found an iron altar of Okawaru.
  8148 | D:10     | Found a radiant altar of Vehumet.
  8414 | D:10     | Noticed a flayed ghost
  8423 | D:10     | Killed a flayed ghost
  8428 | D:10     | Got the Catalogue of Brumal Energy
  8429 | D:10     | Identified the +12 great mace "Coang" {freeze, rC+}
  8473 | D:11     | Noticed a boulder beetle
  8478 | D:11     | Noticed Sonja
  8482 | D:11     | Killed Sonja
  8483 | D:11     | Killed a boulder beetle
  8484 | D:11     | Gained mutation: When low on magic, you restore magic in
                  | place of health. [demonic ancestry]
  8484 | D:11     | Reached XP level 12. HP: 91/91 MP: 15/18
  8488 | D:11     | Noticed a boulder beetle
  8501 | D:11     | Killed a boulder beetle
  8520 | D:11     | Found a frozen archway.
  8542 | IceCv    | Entered an ice cave
  8593 | IceCv    | Reached skill level 10 in Long Blades
  8638 | IceCv    | Reached ****** piety under Qazlal
  8761 | IceCv    | Noticed a white draconian
  8770 | IceCv    | Killed a white draconian
  9192 | D:11     | Reached skill level 10 in Armour
  9499 | D:11     | Reached skill level 1 in Shields
  9499 | D:11     | Reached skill level 10 in Invocations
  9499 | D:11     | Gained mutation: You have a pair of antennae on your head.
                  | [demonic ancestry]
  9499 | D:11     | Reached XP level 13. HP: 98/98 MP: 20/20
  9597 | Lair:1   | Entered Level 1 of the Lair of Beasts
  9611 | Lair:1   | Noticed Fannar
  9630 | Lair:1   | Killed Fannar
  9652 | Lair:1   | Identified the +5 robe "Tufad" {rPois Str+3}
  9857 | Lair:1   | Identified the ring of Irrepressible Laughter {rC+ rCorr
                  | Str+3 Int+4 Dex+2}
  9947 | Lair:1   | Reached skill level 11 in Long Blades
  9959 | Lair:1   | Noticed Amaemon
  9965 | Lair:1   | Killed Amaemon
 10120 | Lair:1   | Found a broken altar of Ashenzari.
 10388 | Lair:2   | Gained mutation: Your touch may irresistibly damage your
                  | foes and sap their willpower. [demonic ancestry]
 10388 | Lair:2   | Reached XP level 14. HP: 91/106 MP: 12/22
 11011 | Lair:2   | Found a hole to the Spider Nest.
 11254 | Lair:2   | Found the +8 whip "Snakebite" {venom, curare, rPois}
 11696 | Lair:3   | Found a staircase to the Shoals.
 11788 | Lair:3   | Identified the +4 dagger of the Land of Plenty {distort,
                  | rPois rCorr Dex+3}
 11972 | Lair:4   | Reached skill level 12 in Long Blades
 12539 | Lair:4   | Identified a scroll of acquirement
 12539 | Lair:4   | Acquired a manual of Evocations
 12545 | Lair:5   | Entered Level 5 of the Lair of Beasts
 12545 | Lair:5   | Found an ornate altar of the Wu Jian Council.
 12746 | Lair:5   | Reached XP level 15. HP: 102/114 MP: 21/24
 12756 | Lair:5   | Found a viscous altar of Jiyva.
 12757 | Lair:5   | Found a staircase to the Slime Pits.
 12866 | Lair:5   | Reached skill level 5 in Shields
 13138 | Lair:5   | Identified the +1 scale mail of the Shrike {Will- Int+4
                  | Dex+4}
 13345 | Lair:5   | Found a runed translucent door.
 13345 | Lair:5   | Noticed Mitcholas's ghost (journeyman DEHu)
 13355 | Lair:5   | Reached skill level 10 in Fighting
 13363 | Lair:5   | Killed Mitcholas's ghost
 13609 | Orc:1    | Entered Level 1 of the Orcish Mines
 13823 | Orc:2    | Entered Level 2 of the Orcish Mines
 13829 | Orc:2    | Found a gate leading to a gauntlet.
 13838 | Gauntlet | Entered a Gauntlet
 13838 | Gauntlet | Found a transporter.
 13838 | Gauntlet | Found a transporter.
 13840 | Gauntlet | Found a transporter.
 13841 | Gauntlet | Found a transporter.
 13843 | Gauntlet | Found a transporter.
 13880 | Gauntlet | Found a transporter.
 13882 | Gauntlet | Found a transporter.
 13882 | Gauntlet | Found a transporter.
 13895 | Gauntlet | Found a transporter.
 13911 | Gauntlet | Found a transporter.
 13921 | Gauntlet | Found a transporter.
 13926 | Gauntlet | Found a transporter.
 13960 | Gauntlet | Found a transporter.
 13972 | Gauntlet | Found a transporter.
 14129 | Gauntlet | Gained mutation: You are dopey. (Int -2) [a neqoxec]
 14160 | Gauntlet | Identified the +2 hat of Geymutt {Fly Will++ Dex-4 Slay+2}
 14223 | Gauntlet | Identified the +2 pair of boots "Hooth" {Fly rF+ Dex+3}
 14241 | Orc:2    | Found a staircase to the Elven Halls.
 14255 | Orc:2    | Reached skill level 10 in Evocations
 14261 | Orc:2    | Reached skill level 13 in Long Blades
 14276 | Orc:2    | Noticed Saint Roka
 14472 | Orc:1    | Killed Saint Roka
 14520 | Orc:2    | Found Seiluk Gadi's Armour Shoppe.
 14536 | Orc:2    | Found Peilos Qoazy's Jewellery Boutique.
 14541 | Orc:2    | Found Kuas's Assorted Antiques.
 14549 | Orc:2    | Noticed Jorgrun
 14558 | Orc:2    | Killed Jorgrun
 14571 | Orc:2    | Found Kyremopa's Gadget Gallery.
 14579 | Orc:2    | Found a dark tunnel.
 14663 | Orc:2    | Found Nainunen's Antique Armour Shoppe.
 15020 | Orc:1    | Noticed Harold
 15028 | Orc:2    | Killed Harold
 15029 | Orc:2    | Gained mutation: You have hoof-like feet. [demonic
                  | ancestry]
 15029 | Orc:2    | Reached XP level 16. HP: 123/123 MP: 25/25
 15092 | Orc:1    | Found Nigrecw's Distillery.
 15414 | Orc:1    | Bought a potion of attraction for 42 gold pieces
 15414 | Orc:1    | Bought a potion of heal wounds for 70 gold pieces
 15414 | Orc:1    | Bought a potion of mutation for 112 gold pieces
 15414 | Orc:1    | Bought a potion of berserk rage for 70 gold pieces
 15414 | Orc:1    | Bought a potion of haste for 140 gold pieces
 15414 | Orc:1    | Bought a potion of curing for 42 gold pieces
 15414 | Orc:1    | Bought a potion of might for 56 gold pieces
 15635 | D:12     | Found a snail-covered altar of Cheibriados.
 15792 | D:12     | Acquired 868 gold pieces
 15794 | D:12     | Acquired the ring "Zuanaofe" {rPois Slay+3}
 15809 | D:12     | Acquired 593 gold pieces
 15940 | Orc:2    | Bought gold dragon scales for 2640 gold pieces
 16122 | D:12     | Found Bitawiv's Magic Scroll Shoppe.
 16130 | D:12     | Bought a scroll of enchant armour for 97 gold pieces
 16149 | D:12     | Found Ili Disu's Antique Weapon Shoppe.
 16460 | D:13     | Noticed Snorg
 16471 | D:13     | Killed Snorg
 16489 | D:13     | Found a gate to the Vaults.
 16554 | D:13     | Identified the +4 ring mail "Diezyn" {Harm +Inv rC- MP+9}
 16594 | D:13     | Found a runed translucent gate.
 16595 | D:13     | Found a runed translucent gate.
 16596 | D:13     | Found a runed translucent gate.
 16596 | D:13     | Noticed a lich
 16596 | D:13     | Noticed a lich
 16597 | D:13     | Found an ancient bone altar of Kikubaaqudgha.
 16597 | D:13     | Noticed pokeman's ghost (journeyman DEHW)
 16597 | D:13     | Noticed a lich
 16598 | D:13     | Noticed a lich
 17850 | D:15     | Entered Level 15 of the Dungeon
 17918 | D:15     | Identified the +4 scale mail of the Stag {+Blink}
 17973 | D:15     | Reached skill level 10 in Dodging
 18008 | D:15     | Found a staircase to the Depths.
 18688 | D:13     | Killed a lich
 18695 | D:13     | Killed a lich
 18704 | D:13     | Killed a lich
 18707 | D:13     | Killed pokeman's ghost
 18714 | D:13     | Killed a lich
 18715 | D:13     | Reached skill level 14 in Long Blades
 18723 | D:13     | Identified the +4 short sword "Ynaciog" {flame, rC- rN+
                  | Dex+3}
 18724 | D:13     | Identified the +2 pair of boots of the Fiend {*Corrode
                  | rC+++ Str-2 SInv}
 18729 | D:13     | Identified the ring of the Ant {Fly Int+4 Dex+6}
 18860 | Depths:1 | Entered Level 1 of the Depths
 18860 | Depths:1 | Found a gateway to Hell.
 19060 | Depths:1 | Gained mutation: Your presence sometimes corrodes those you
                  | injure. [demonic ancestry]
 19060 | Depths:1 | Reached XP level 17. HP: 93/131 MP: 17/27
 19775 | Depths:1 | Found a one-way gate to the infinite horrors of the Abyss.
 19922 | Depths:1 | Found a basalt altar of Yredelemnul.
 19922 | Depths:1 | Noticed a profane servitor
 19938 | Depths:1 | Killed a profane servitor
 20634 | Depths:2 | Found a one-way gate leading to the halls of Pandemonium.
 20694 | Depths:2 | Noticed the Enchantress
 20704 | Depths:2 | Reached skill level 15 in Long Blades
 20705 | Depths:2 | Reached XP level 18. HP: 81/139 MP: 11/28
 20708 | Depths:2 | Killed the Enchantress
 20710 | Depths:2 | Reached skill level 10 in Shields
 20921 | Depths:2 | Found a magical portal.
 20926 | WizLab   | Entered Lehudib's Moon Base
 20979 | WizLab   | Reached skill level 15 in Armour
 21210 | WizLab   | Noticed a moon troll
 21412 | WizLab   | Found a transporter.
 21445 | WizLab   | Reached skill level 15 in Invocations
 21531 | WizLab   | Found a transporter.
 21681 | WizLab   | Killed a moon troll
 21702 | WizLab   | Got the Lessons on Mud
 21703 | WizLab   | Identified the ring of Wizxik {rC+ SInv}
 21706 | WizLab   | Identified the +7 hand axe of Discomfort {flame, Fly rPois
                  | rF+ Str+7}
 21709 | WizLab   | Identified the ring of Mazacaf {rPois rC+ rN+ AC+4}
 22046 | Depths:2 | Noticed a lich
 22068 | Depths:2 | Killed a lich
 22133 | Depths:2 | Identified the +5 great sword of Makhleb, Loving {flame,
                  | rF+ Will+}
 22148 | Depths:2 | Noticed a golden dragon
 22170 | Depths:2 | Killed a golden dragon
 22495 | Depths:3 | Noticed a tentacled monstrosity
 22516 | Depths:3 | Killed a tentacled monstrosity
 22552 | Depths:3 | Noticed a golden dragon
 22575 | Depths:2 | Killed a golden dragon
 22593 | Depths:3 | Noticed a lich
 22601 | Depths:3 | Killed a lich
 22630 | Depths:3 | Gained mutation: You have hooves in place of feet. [demonic
                  | ancestry]
 22630 | Depths:3 | Reached XP level 19. HP: 147/147 MP: 30/30
 22656 | Depths:3 | Noticed a golden dragon
 22658 | Depths:3 | Noticed a juggernaut
 22675 | Depths:3 | Killed a juggernaut
 22683 | Depths:3 | Killed a golden dragon
 22752 | Depths:3 | Noticed a golden dragon
 22763 | Depths:3 | Killed a golden dragon
 22787 | Depths:3 | Reached skill level 16 in Long Blades
 23540 | Depths:4 | Entered Level 4 of the Depths
 23798 | Depths:4 | HP: 5/133 [spark wasp (4)]
 24075 | Depths:4 | Found a gate to the Realm of Zot.
 24075 | Depths:4 | Noticed a golden dragon
 24075 | Depths:4 | Noticed a bone dragon
 24102 | Depths:4 | Killed a bone dragon
 24113 | Depths:4 | Killed a golden dragon
 24378 | Depths:4 | Found a one-way gateway to a ziggurat.
 24806 | Shoals:1 | Entered Level 1 of the Shoals
 24920 | Shoals:1 | Reached skill level 15 in Evocations
 25627 | Shoals:2 | Found a transporter.
 25641 | Shoals:2 | Gained mutation: A meltable icy envelope protects you from
                  | harm. (AC +4) [demonic ancestry]
 25641 | Shoals:2 | Reached XP level 20. HP: 126/155 MP: 25/32
 25668 | Shoals:2 | Noticed Polyphemus
 25678 | Shoals:2 | Killed Polyphemus
 25695 | Shoals:2 | You are sucked into a shaft and drop 1 floor!
 25696 | Shoals:3 | Noticed Aizul
 26088 | Shoals:2 | Found a bloodstained altar of Trog.
 26092 | Shoals:2 | Noticed Cihivoiw's ghost (adept TeCj)
 26205 | Shoals:2 | Found Riapp's Book Boutique.
 26207 | Shoals:2 | Found a transporter.
 26365 | Shoals:3 | Killed Aizul
 27211 | Shoals:4 | Entered Level 4 of the Shoals
 27436 | Shoals:4 | Reached skill level 17 in Long Blades
 27662 | Shoals:4 | Got the Directory of the Kindled Swarm
 27665 | Shoals:4 | Got a barnacled rune of Zot
 28041 | Spider:1 | Entered Level 1 of the Spider Nest
 28043 | Spider:1 | Noticed Asterion
 28055 | Spider:1 | Killed Asterion
 28613 | Spider:2 | Reached XP level 21. HP: 152/163 MP: 33/33
 30074 | Spider:4 | Entered Level 4 of the Spider Nest
 30192 | Spider:4 | Noticed Bai Suzhen
 30218 | Spider:3 | Killed Bai Suzhen
 30281 | Spider:3 | Gained mutation: You have hidden genetic defects.
                  | [mutagenic glow]
 30291 | Spider:3 | Lost mutation: You have hidden genetic defects. [potion of
                  | mutation]
 30291 | Spider:3 | Lost mutation: You are dopey. (Int -2) [potion of mutation]
 30291 | Spider:3 | Gained mutation: You sometimes lose your temper in combat.
                  | [potion of mutation]
 30291 | Spider:3 | Gained mutation: You occasionally shout uncontrollably at
                  | your foes. [potion of mutation]
 30292 | Spider:3 | Lost mutation: You sometimes lose your temper in combat.
                  | [potion of mutation]
 30292 | Spider:3 | Lost mutation: You occasionally shout uncontrollably at
                  | your foes. [potion of mutation]
 30292 | Spider:3 | Gained mutation: You are partially covered in large bone
                  | plates. (SH +4) [potion of mutation]
 30292 | Spider:3 | Gained mutation: Your magical capacity is low. (-10% MP)
                  | [potion of mutation]
 30311 | Spider:4 | Noticed Nikola
 30355 | Spider:4 | Killed Nikola
 30603 | Spider:4 | Noticed Roxanne
 30617 | Spider:4 | Killed Roxanne
 30717 | Spider:4 | Got a gossamer rune of Zot
 31177 | Vaults:1 | Entered Level 1 of the Vaults
 32383 | Vaults:2 | Identified the +0 ring mail of Terror {rC+}
 32714 | Vaults:2 | Found a staircase to the Crypt.
 32778 | Vaults:2 | Reached skill level 18 in Long Blades
 33340 | Vaults:3 | Gained mutation: You have a pair of large antennae on your
                  | head. (SInv) [demonic ancestry]
 33340 | Vaults:3 | Reached XP level 22. HP: 172/172 MP: 31/31
 33368 | Vaults:3 | Found a crumbling gateway.
 33378 | Desolati | Entered the Desolation of Salt
 33415 | Desolati | HP: 5/159 [saltling (14)]
 33416 | Desolati | HP: 1/159 [saltling (11)]
 33416 | Desolati | Mangled by a saltling

Illustrated notes

Levels and vault maps discovered:
D:1:      dpeg_arrival_line_fractal, layout_loops_ring, serial_shops,
          nicolae_shop_trees
D:2:      layout_loops_ring
D:3:      layout_basic, chequers_temple_overflow_minitemple,
          hellmonk_ecumenical_altar_watching_god
D:4:      layout_basic
D:5:      layout_gridville, minmay_temple_entry_grid, uniq_edmund,
          uniq_eustachio
D:6:      layout_cave_pools, nicolae_uskayaw_suspiria,
          gammafunk_temple_overflow_wave, uniq_maggie
D:7:      layout_loops_ring, nicolae_overflow_crystal_walls
D:8:      layout_basic, lair_entry_dummy
D:9:      layout_rooms, orc_0_dummy, minivault_4, grunt_ministairs_6,
          uniq_maurice
D:10:     due_megacathedral, layout_small_grid, overflow_temple_1_default,
          enter_bailey_8, minmay_diced_spiral
D:11:     layout_long_grid, portal_ice_cave_demonic_guard, uniq_sonja
D:12:     layout_basic, serial_shops, nicolae_inconvenience_store,
          nicolae_lakefront_shop, slow_altar_1
D:13:     layout_basic, david_vaults_4, gammafunk_ghost_crypt,
          serial_park_tiny_pond, chequers_serial_rivers_small_b, uniq_snorg
D:14:     layout_stronghold, chequers_serial_rivers_room_b, chequers_avenue
D:15:     hangedman_depths_entry_civil_slaughter, layout_stronghold
Lair:1:   layout_cave_shapes, basic_altar, grunt_megastairs_2,
          serial_bayou_shore_b, infiniplex_staircase_pool_2, uniq_amaemon,
          uniq_fannar
Lair:2:   minmay_guarded_unrand_snakebite, layout_loops_ring,
          hellmonk_spider_entry_life_and_decay
Lair:3:   layout_hall_layers, elwin_shoals_entry_rocks, grunt_megastairs_3
Lair:4:   layout_misc_corridors, nicolae_lair_lakeside_cave,
          serial_bayou_shore_b
Lair:5:   minmay_lair_end_frog_pond, layout_misc_corridors,
          nicolae_slime_entry_slimehenge, ebering_ghost_inner_flame,
          basic_altar, lemuel_fruit_tree
Shoals:1: layout_shoals, ldierk_geyser
Shoals:2: layout_shoals, serial_shops, shop, gammafunk_ghost_wrathful_warriors,
          uniq_polyphemus
Shoals:3: layout_shoals, nicolae_shoals_secluded_bog, uniq_aizul
Shoals:4: shoals_end_hellmonk_lost_city
Spider:1: nicolae_spider_mines_3, uniq_asterion
Spider:2: layout_spider_delve
Spider:3: layout_chambers
Spider:4: hellmonk_spider_rune_bug_friends, uniq_nikola, uniq_roxanne,
          uniq_bai_suzhen
Orc:1:    layout_caves, serial_shops, nicolae_shop_crystal,
          nicolae_orc_crystal_geode, uniq_harold
Orc:2:    st_orc_open, layout_caves, basic_altar,
          nicolae_volcano_entry_two_sided, gauntlet_entry_generic,
          nicolae_shop_gadgets, uniq_saint_roka, uniq_jorgrun
Vaults:1: vaults_dpeg_encased_lava, nicolae_vaults_circle_grid_a,
          ontoclasm_vaults_fault, v_misc_3, nicolae_vaults_specimen_jars,
          layout_vaults_quadrants
Vaults:2: nicolae_vaults_triangles, v_misc_22, blue_anna_dwarven_crypt,
          nicolae_vaults_network_barrier, vaults_mumra_lcd, v_pattern_4,
          vaults_room_hallway, vaults_room_octagon,
          nicolae_vaults_network_square, v_misc_27, hangedman_vaults_trim,
          st_cells, grunt_vaults_hallway_long, layout_vaults_maze
Vaults:3: portal_desolation_entry_garden, vaults_room_fancy_cross,
          vaults_room_semicircle, hangedman_vaults_nails, vaults_room_door_ring,
          ontoclasm_vaults_eye, hangedman_vaults_snaps, vaults_room_hallway,
          v_pattern_2, v_misc_25, ontoclasm_vaults_ring_small,
          nicolae_vaults_alarming, layout_vaults_chaotic_city, serial_shops,
          shop, uniq_sojobo, uniq_jory
Depths:1: layout_long_grid, abyss_entry, hell_entry, hangedman_blasphemy,
          grunt_megastairs_4
Depths:2: nzn_winding_woodlands_cross [nzn_winding_woodlands_5x15_garden,
          nzn_winding_woodlands_5x15_crooked,
          nzn_winding_woodlands_5x15_river_crossing,
          nzn_winding_woodlands_5x15_concentric,
          nzn_winding_woodlands_15x15_boxy_spiral], layout_cave_shapes,
          grunt_pan_entry_sceptre, infiniplex_enter_wizlab_spiral,
          hangedman_abyss_or_decor_lesser_grid, hell_entry,
          nicolae_figureground_pulse, uniq_enchantress
Depths:3: hangedman_cross_cluster, layout_cave_shapes,
          small_statue_intersection, hell_entry, abyss_entry
Depths:4: grunt_zot_entry_funnels, layout_cave_pools, enter_ziggurat_f,
          abyss_entry, grunt_mini_vestibule, hex_tiny
Desolation

Skill      XL: |  1  2  3  4  5  6  7  8  9 10 11 12 13 14 15 16 17 18 19 20 21 |
---------------+----------------------------------------------------------------+-----
Long Blades    | 3 4 5 6 7 8 9 10 11 12 13 14 15 16 17 18 | 18.0
Armour         | 1 2 3 4 5 6 8 9 10 11 12 13 14 15 16 17 | 17.9
Dodging        | 3 4 5 6 7 8 9 10 11 12 13 | 13.1
Invocations    | 1 2 3 5 6 7 9 10 12 13 14 15 16 17 | 17.6
Fighting       | 3 4 5 6 7 8 9 10 11 12 13 14 | 14.1
Evocations     | 1 2 4 5 6 7 9 10 12 13 14 15 16 | 16.6
Shields        | 1 4 6 8 9 11 12 13 14 | 14.3
Throwing       | |  1.7

Action                   |  1- 3 |  4- 6 |  7- 9 | 10-12 | 13-15 | 16-18 | 19-21 | 22-24 || total
-------------------------+-------+-------+-------+-------+-------+-------+-------+-------++-------
Melee: Long sword        |   116 |    83 |   125 |       |       |       |       |       ||   324
       Punch             |     2 |     1 |     3 |     2 |     5 |       |       |       ||    13
       Touch             |       |    10 |    36 |    69 |   151 |    12 |       |       ||   278
       Kick              |       |       |    55 |   118 |   221 |       |   834 |    24 ||  1252
       Demon blade       |       |       |    68 |   376 |   691 |  1330 |  1618 |    49 ||  4132
Evoke: Wand              |       |       |       |       |    17 |     2 |       |       ||    19
       Tin of tremorston |       |       |       |       |       |     4 |     3 |       ||     7
       Condenser vane    |       |       |       |       |       |     1 |     1 |       ||     2
  Use: Scroll            |     3 |     6 |     5 |    10 |     8 |    11 |     6 |       ||    49
       Potion            |       |       |     1 |     2 |     6 |     8 |     4 |       ||    21
 Stab: Invisible         |       |       |       |     1 |       |       |       |       ||     1
Armor: Leather armour    |     9 |       |       |       |       |       |       |       ||     9
       Ring mail         |    24 |    10 |       |       |       |       |       |       ||    34
       Scale mail        |       |    22 |    52 |       |       |       |       |       ||    74
       Chain mail        |       |       |    61 |   137 |    14 |       |       |       ||   212
       Steam dragon scal |       |       |     6 |       |       |       |       |       ||     6
       Plate armour      |       |       |       |       |   363 |    51 |       |       ||   414
       Gold dragon scale |       |       |       |       |       |   625 |  1044 |    34 ||  1703
Dodge: Dodged            |    62 |    33 |   150 |   188 |   321 |   312 |   397 |    25 ||  1488
       Repelled          |       |       |       |     2 |     4 |     9 |    11 |       ||    26
Block: Other             |    11 |    19 |    77 |   161 |   411 |    70 |       |       ||   749
       Buckler           |       |       |       |       |       |   971 |   297 |       ||  1268
       Tower shield      |       |       |       |       |       |       |  2274 |   106 ||  2380

Table legend: (Time is in decaauts)
 A = Elapsed time spent in this place.
 B = Non-inter-level travel time spent in this place.
 C = Inter-level travel time spent in this place.
 D = Time resting spent in this place.
 E = Time spent auto-exploring this place.
 F = Levels seen in this place.
 G = Mean time per level.
                   A        B        C        D        E       F      G
               +--------+--------+--------+--------+--------+-----+--------+
         Total |  32507 |  29969 |   2538 |    906 |  19571 |  42 |  774.0 |
       Dungeon |  13034 |  11610 |   1424 |    315 |   8594 |  15 |  868.9 |
          Lair |   4161 |   3734 |    427 |    173 |   2519 |   5 |  832.2 |
        Shoals |   3079 |   2927 |    152 |     24 |   2019 |   4 |  769.8 |
   Spider Nest |   2797 |   2721 |     76 |     65 |   1776 |   4 |  699.2 |
  Orcish Mines |   1500 |   1251 |    249 |     66 |    743 |   2 |  750.0 |
        Vaults |   2134 |   2115 |     19 |      0 |   1516 |   3 |  711.3 |
        Depths |   4101 |   3914 |    187 |    257 |   2008 |   4 | 1025.2 |
        Bailey |    187 |    187 |      0 |      0 |     71 |   1 |  187.0 |
      Ice Cave |    350 |    350 |      0 |      6 |     60 |   1 |  350.0 |
        Wizlab |    741 |    741 |      0 |      0 |    137 |   1 |  741.0 |
    Desolation |     32 |     32 |      0 |      0 |      0 |   1 |   32.0 |
      Gauntlet |    385 |    385 |      0 |      0 |    128 |   1 |  385.0 |
               +--------+--------+--------+--------+--------+-----+--------+

Top non-repeatable levels by time:
Spider:3: 1394 daAuts
Depths:1: 1262 daAuts
  Lair:2: 1215 daAuts
    D:15: 1199 daAuts
    D:10: 1179 daAuts
     D:8: 1168 daAuts
Depths:3: 1087 daAuts
Vaults:2: 1064 daAuts
     D:7: 1014 daAuts
Vaults:1: 976 daAuts
Depths:2: 952 daAuts
    D:14: 927 daAuts
Shoals:3: 895 daAuts
     D:9: 869 daAuts
     D:4: 856 daAuts
